 Dungeon Crawl Stone Soup version 0.30.0-20-g3615ddf2f0 (webtiles) character file.

Game seed: 2774046828413465104

164 qw the Chopper (level 5, -1/32 HPs)
             Began as a Gargoyle Fighter on May 28, 2023.
             Slain by an orc
             ... wielding a +0 trident
              (2 damage)
             ... on level 3 of the Dungeon.
             The game lasted 00:01:01 (1804 turns).

qw the Chopper (Gargoyle Fighter)                   Turns: 1804, Time: 00:01:01

Health: -1/32      AC: 10    Str: 22    XL:     5   Next: 45%
Magic:  5/5        EV:  9    Int:  8    God:
Gold:   109        SH:  4    Dex:  9    Spells: 4/4 levels left

rFire   + . .        Y - +1 war axe
rCold   . . .        c - +0 buckler
rNeg    + . .        b - +0 scale mail
rPois   inf          (no helmet)
rElec   +            (no cloak)
rCorr   .            (no gloves)
SInv    .            (no boots)
Will    .....        (no amulet) Stlth
                     (no ring)
HPRegen 0.25/turn    (no ring)
MPRegen 0.09/turn

%: no passive effects
@: slowed, very slow
A: sickness immunity, AC +4, negative energy resistance 1, electricity
resistance, torment resistance 1, petrification resistance, fire resistance 1
a: no special abilities


You were on level 3 of the Dungeon.
You visited 1 branch of the dungeon, and saw 3 of its levels.

You collected 109 gold pieces.


Innate Abilities, Weirdness & Mutations

You are immune to sickness and miasma.
Your stone body is resilient. (AC +4)
You are immune to poison.
You resist negative energy. (rN+)
You are resistant to electric shocks. (rElec)
You are resistant to unholy torment.
You are immune to petrification.
Your flesh is heat resistant. (rF+)


   Skills:
 + Level 3.2 Fighting
 - Level 5.0 Axes
 - Level 3.2 Armour
 - Level 3.2 Shields


You had 4 spell levels left.
You didn't know any spells.
Your spell library was empty.

Inventory:

Hand Weapons
 a - a +0 flail
 Y - a +1 war axe (weapon)
Armour
 b - a +0 scale mail (worn)
 c - a +0 buckler (worn)
Jewellery
 i - a ring of fire
Potions
 d - a potion of might
 e - a potion of curing {unknown}
 f - a potion of mutation
 j - a potion of degeneration {unknown}
 l - a potion of attraction

Dungeon Overview and Level Annotations

Branches:
Dungeon (3/15)

Altars:
Gozag
Wu Jian
Xom

Annotations:
D:3 Natasha


Message History

You barely miss the orc. The orc hits you but does no damage.
Natasha mumbles some strange words.
You slash the orc priest!
The orc priest is severely wounded.
You hit the orc. The orc closely misses you.
The orc priest begins to cast a cantrip, but forgets the words!
The orc misses you.
The orc priest calls upon Beogh to heal the orc.
The orc's wounds heal themselves!
You closely miss the orc priest.
The orc priest is severely wounded.
You closely miss the orc. The orc closely misses you.
The orc priest hits you with a +0 flail.
You slash the orc priest!
You kill the orc priest!
You barely miss the orc. The orc closely misses you.
Your Axes skill increases to level 5!
You closely miss Natasha. You hit the orc. The orc hits you but does no damage.
Natasha claws you.
The cerulean imp hits you from afar with a +3 spear.
The orc hits you but does no damage.
Natasha stares at you and mumbles some strange words.
The magic dart hits you!
You closely miss the orc.
The orc is heavily wounded.
You closely miss Natasha.
The cerulean imp hits you from afar with a +3 spear.
The orc closely misses you.
Natasha stares at you and mumbles some strange words.
You feel yourself slow down.
You hit the orc.
The orc is almost dead.
You hit Natasha.
The cerulean imp hits you from afar with a +3 spear.
The orc hits you with a +0 trident.
You die...

# #.# #.#
#.####.###.#
#..........#
####.....#.#
########....)#.#
#..............#
#.######.....###
###)....#
#o@.....#
#h#####.# #5 #.#
.. . .#. # #.#.
# #. ..


You could see Natasha, a cerulean imp (summoned) and an orc.

Vanquished Creatures
  3 orc priests (D:3)
  3 worms
  A dart slug (D:2)
  3 orcs (D:3)
  5 ball pythons (D:1)
  8 endoplasms
  A giant cockroach (D:2)
  5 goblins
  5 hobgoblins
  3 jackals (D:1)
  2 quokkas
  9 bats
  2 frilled lizards (D:2)
  3 kobolds
  7 rats
60 creatures vanquished.

Notes
Turn   | Place    | Note
-------+----------+-------------------------------------------
     0 | D:1      | qw the Gargoyle Fighter began the quest for the Orb.
     0 | D:1      | Reached XP level 1. HP: 14/14 MP: 1/1
     0 | D:1      | 0 ||| qw: Version: 0.2-a-101-gf8a7cd0
     0 | D:1      | 0 ||| qw: Game counter: 271
     0 | D:1      | 0 ||| qw: Always use a shield: true
     0 | D:1      | 0 ||| qw: God list: Okawaru
     0 | D:1      | 0 ||| qw: Allow faded altars: false
     0 | D:1      | 0 ||| qw: Do Orc after D:15 true
     0 | D:1      | 0 ||| qw: Do second Lair branch before Depths: true
     0 | D:1      | 0 ||| qw: Lair rune preference: random
     0 | D:1      | 0 ||| qw: Plans: Normal, Zot:1-4, Slime:5, God:TSO, Crypt,
                  | Tomb, Pan, Hells, Abyss, Win
     0 | D:1      | 0 ||| PLANNING D:1-11
    59 | D:1      | Reached skill level 2 in Axes
   115 | D:1      | Reached XP level 2. HP: 10/19 MP: 2/2
   330 | D:1      | 330 ||| Stepping ~*~*~tactically~*~*~ (stealth).
   392 | D:1      | Found a faded altar of an unknown god.
   424 | D:1      | Reached skill level 3 in Axes
   520 | D:1      | Reached XP level 3. HP: 23/23 MP: 3/3
   623 | D:1      | 623 ||| DROPPING +0 club.
   834 | D:1      | 834 ||| DROPPING ring of magical power.
   835 | D:1      | 835 ||| READING scroll labelled JEMIXEL NAGRYD.
   836 | D:1      | 836 ||| READING scroll labelled QUIMUL OMOH.
   837 | D:1      | 837 ||| READING scroll labelled DERUHU FENUGHU.
   838 | D:1      | 838 ||| DRINKING 2 murky clear potions.
   838 | D:1      | Gained mutation: You are agile. (Dex +4, Str/Int -1)
                  | [potion of mutation]
   838 | D:1      | Gained mutation: Your flesh is heat resistant. (rF+)
                  | [potion of mutation]
   838 | D:1      | Lost mutation: You are agile. (Dex +4, Str/Int -1) [potion
                  | of mutation]
   928 | D:2      | Found an ornate altar of the Wu Jian Council.
  1014 | D:2      | 1014 ||| Stepping ~*~*~tactically~*~*~ (stealth).
  1159 | D:2      | 1159 ||| Stepping ~*~*~tactically~*~*~ (hiding).
  1374 | D:2      | 1374 ||| Stepping ~*~*~tactically~*~*~ (stealth).
  1377 | D:2      | 1377 ||| Stepping ~*~*~tactically~*~*~ (stealth).
  1382 | D:2      | Reached XP level 4. HP: 22/28 MP: 4/4
  1385 | D:2      | 1385 ||| FLEEEEING.
  1388 | D:2      | 1388 ||| STAIRDANCE
  1406 | D:1      | 1406 ||| READING scroll labelled HINAIP QEIZEN.
  1407 | D:1      | 1407 ||| READING scroll labelled LOROMU LYITIDI.
  1408 | D:1      | 1408 ||| DRINKING 2 silvery potions.
  1411 | D:2      | 1411 ||| STAIRDANCE
  1433 | D:2      | 1433 ||| Stepping ~*~*~tactically~*~*~ (stealth).
  1435 | D:2      | 1435 ||| Stepping ~*~*~tactically~*~*~ (stealth).
  1633 | D:2      | Reached skill level 4 in Axes
  1725 | D:3      | Found a shimmering altar of Xom.
  1725 | D:3      | Found an opulent altar of Gozag.
  1766 | D:3      | 1766 ||| DROPPING +4 whip of venom.
  1774 | D:3      | Reached XP level 5. HP: 31/32 MP: 5/5
  1792 | D:3      | 1792 ||| Stepping ~*~*~tactically~*~*~ (hiding).
  1793 | D:3      | Noticed Natasha
  1794 | D:3      | 1794 ||| Stepping ~*~*~tactically~*~*~ (hiding).
  1802 | D:3      | Reached skill level 5 in Axes
  1802 | D:3      | HP: 8/32 [Natasha/magic dart (8)]
  1804 | D:3      | HP: 1/32 [cerulean imp/+3 spear[Natasha] (6)]
  1804 | D:3      | Slain by an orc

Levels and vault maps discovered:
D:1:      dpeg_arrival_erosion, layout_loops_ring, basic_ecumenical_altar,
          chequers_serial_rivers_marsh, minmay_tiny_reverse_x
D:2:      layout_loops_ring, basic_altar
D:3:      layout_loops_ring, chequers_temple_overflow_statue_of_worship,
          mainiacjoe_overflow_small_starburst, serial_shops, shop,
          hangedman_decor_clover_reticule, uniq_ijyb, uniq_natasha, uniq_robin

Skill      XL: |  1  2  3  4  5 |
---------------+----------------+-----
Axes           | 2 3 4 5 |  5.0
Fighting       | |  3.2
Armour         | |  3.2
Shields        | |  3.2

Action                     |  1- 3 |  4- 6 || total
---------------------------+-------+-------++-------
  Melee: War axe           |   119 |    37 ||   156
    Use: Scroll            |     3 |     2 ||     5
         Potion            |     1 |     1 ||     2
 Armour: Scale mail        |    66 |    11 ||    77
  Dodge: Dodged            |    46 |    17 ||    63
  Block: Buckler           |    23 |     2 ||    25

Table legend:
 A = Non-vault XP
 B = Vault XP
 C = Vault XP percentage of total XP
 D = Non-vault monster count
 E = Vault monster count
 F = Vault count percentage of total count
                 A         B        C        D         E       F
            +---------+---------+-------+---------+---------+-------
      Total |     231 |       4 |   1.7 |      58 |       2 |   3.3
            +---------+---------+-------+---------+---------+-------
        D:1 |      42 |       4 |   8.7 |      24 |       2 |   7.7
        D:2 |      53 |       0 |   0.0 |      27 |       0 |   0.0
        D:3 |     136 |       0 |   0.0 |       7 |       0 |   0.0
            +---------+---------+-------+---------+---------+-------
